 Dungeon Crawl Stone Soup version 0.32-a0-119-g2e8054a333 (webtiles) character file.

Game seed: 2057321420398963881

5131 Turgor the Geomancer (level 10, -4/50 HPs)
             Began as a Gargoyle Earth Elementalist on Feb 6, 2024.
             Was an Initiate of Yredelemnul.
             Slain by a two-headed ogre
             ... wielding a +0 giant spiked club
              (16 damage)
             ... on level 8 of the Dungeon on Feb 7, 2024.
             The game lasted 00:40:36 (6881 turns).

Turgor the Geomancer (Gargoyle Earth Elementalist)  Turns: 6881, Time: 00:40:37

Health: -4/50      AC: 11    Str: 12    XL:     10   Next: 58%
Magic:  5/28       EV: 11    Int: 15    God:    Yredelemnul [......]
Gold:   370        SH:  0    Dex: 10    Spells: 11/22 levels left

rFire   + . .        o - +12 orcbow "Baobrerr" {speed, rCorr Int-5 SInv}
rCold   + . .        (shield currently unavailable)
rNeg    + . .        y - +2 robe {rC+ rF+}
rPois   ∞            (no helmet)
rElec   +            (no cloak)
rCorr   +            (no gloves)
SInv    +            (no boots)
Will    .....        (no amulet)
Stlth   ++           l - ring of magical power
HPRegen 0.28/turn    a - +4 ring of slaying
MPRegen 0.21/turn

%: no passive effects
@: no status effects
A: sickness immunity, AC +7, negative energy resistance 1, electricity
resistance, torment resistance 1, petrification resistance
a: Renounce Religion, Recall Undead Harvest


You were on level 8 of the Dungeon.
You worshipped Yredelemnul.
Yredelemnul was noncommittal.
You visited 1 branch of the dungeon, and saw 8 of its levels.
You also visited: Bailey.

You collected 370 gold pieces.

Inventory:

Hand Weapons
 f - a +4 short sword of draining
 o - the +12 orcbow "Baobrerr" (weapon) {speed, rCorr Int-5 SInv}
   (You found it on level 2 of the Dungeon)

   Int-5:     It affects your intelligence (-5).
   SInv:      It lets you see invisible.
   rCorr:     It protects you from acid and corrosion.
Missiles
 j - 13 poisoned darts
 F - 23 javelins
Armour
 y - a +2 robe of resistance (worn)
Magical Staves
 g - a staff of fire
Jewellery
 a - a +4 ring of slaying (right hand)
 l - a ring of magical power (left hand)
 q - a ring of fire
Talismans
 z - a blade talisman
Wands
 D - a wand of mindburst (9)
 E - a wand of flame (19)
Scrolls
 e - a scroll of fear {unknown}
 h - a scroll of immolation
 i - a scroll of revelation {unknown}
 k - 5 scrolls of enchant weapon
 m - 2 scrolls of amnesia
 n - a scroll of noise {unknown}
 p - a scroll of brand weapon
 s - a scroll of summoning {unknown}
 u - a scroll of enchant armour {unknown}
 x - a scroll of torment {unknown}
Potions
 b - a potion of magic
 c - a potion of enlightenment
 d - a potion of resistance
 r - a potion of degeneration {unknown}
 t - 3 potions of curing
 v - a potion of brilliance {unknown}
 w - a potion of attraction {unknown}
 A - 2 potions of might {unknown}
 B - a potion of mutation {unknown}
 C - a potion of experience {unknown}


   Skills:
 - Level 1.5 Dodging
 - Level 2.1 Stealth
 + Level 6.5 Spellcasting
 - Level 10.0 Conjurations
 - Level 10.0 Earth Magic
 * Level 7.5 Invocations


You had 11 spell levels left.
You knew the following spells:

 Your Spells              Type           Power      Damage    Failure   Level
a - Sandblast             Erth           68%        2d15      1%          1
b - Stone Arrow           Conj/Erth      68%        3d11      1%          3
c - Passwall              Erth           34%        N/A       1%          3
d - Brom's Barrelling Bo  Conj/Erth      34%        2d5       2%          4

Your spell library contained the following spells:

 Spells                   Type           Power      Damage    Failure   Level
 Hailstorm                Conj/Ice       19%        3d7       5%          3
 Freeze                   Ice            16%        1d4       14%         1
 Necrotise                Necr           16%        1d4       14%         1
 Petrify                  Alch/Erth      19%        N/A       19%         4
 Frozen Ramparts          Ice            8%         1d2       38%         3
 Vampiric Draining        Necr           4%         2d6       38%         3
 Ignite Poison            Fire/Alch      4%         N/A       80%         4
 Martyr's Knell           Necr/Summ      4%         N/A       80%         4
 Sticky Flame             Fire/Alch      4%         2d4       80%         4
 Curse of Agony           Necr           4%         N/A       98%         5
 Ignition                 Fire           2%         3d3       100%        8


Dungeon Overview and Level Annotations

Branches:
Dungeon (8/15)             Temple (0/1) D:6            Lair (0/5) D:8
 Bailey (visited)

Altars:
Cheibriados
Dithmenos
Fedhas
Gozag
Hepliaklqana
Kikubaaqudgha
Makhleb
Nemelex Xobeh
Qazlal
Ru
Trog
Vehumet
Wu Jian
Yredelemnul

Shops:
D:5 :

Annotations:
D:8 Joseph


Innate Abilities, Weirdness & Mutations

You are immune to sickness and miasma.
Your stone body is resilient. (AC +7)
You are immune to poison.
You resist negative energy. (rN+)
You are resistant to electric shocks. (rElec)
You are resistant to unholy torment.
You are immune to petrification.


Message History

Your cyclops zombie is almost destroyed.
The two-headed ogre closely misses you. The two-headed ogre barely misses you.
Your kobold zombie closely misses the kobold.
Unknown command.
Fire: o) +12 orcbow "Baobrerr" {speed, rCorr Int-5 SInv}
Press: ? - help, Q - select action, (/) - cycle Shift-Dir - straight line, f/p - Joseph
Aim: Joseph, wielding a +0 sling and wearing a +0 leather armour (lightly wounded, ally target, 68% to hit)
You shoot an arrow. The arrow hits the two-headed ogre!
The two-headed ogre is lightly wounded.
Your kobold zombie hits the kobold.
Joseph unwields a +0 sling.
Joseph wields a +0 quarterstaff of draining.
You sense an unholy aura.
Joseph hits your cyclops zombie with a +0 quarterstaff of draining!
Your cyclops zombie is destroyed!
The two-headed ogre hits you with a +0 giant spiked club!
The two-headed ogre closely misses you.
Unknown command.
Fire: o) +12 orcbow "Baobrerr" {speed, rCorr Int-5 SInv}
Press: ? - help, Q - select action, (/) - cycle Shift-Dir - straight line, f/p - Joseph
Aim: Joseph, wielding a +0 quarterstaff of draining and wearing a +0 leather armour (lightly wounded, ally target, 68% to hit)
You shoot an arrow.
The arrow completely misses the two-headed ogre.
The arrow hits Joseph!
Joseph is lightly wounded.
Your kobold zombie hits the kobold but does no damage.
Unknown command.
Fire: o) +12 orcbow "Baobrerr" {speed, rCorr Int-5 SInv}
Press: ? - help, Q - select action, (/) - cycle Shift-Dir - straight line, f/p - Joseph
Aim: Joseph, wielding a +0 quarterstaff of draining and wearing a +0 leather armour (lightly wounded, ally target, 68% to hit)
You shoot an arrow. The arrow hits the two-headed ogre.
The two-headed ogre is moderately wounded.
The two-headed ogre hits you with a +0 giant spiked club.
The two-headed ogre hits you with a +0 giant club!
Unknown command.
The two-headed ogre attacks as it pursues you!
The two-headed ogre hits you with a +0 giant spiked club!
* * * LOW HITPOINT WARNING * * *
The two-headed ogre hits you with a +0 giant club!
You die...
Your body becomes fuel for the black torch.

<..############ ####
...#..........# #..
##.#.########.# #.#
#.#.#....###.# #.#
####.#.....##.# #.#
.....#.....##.# #.#
######.....##.# #.#
........<.....#######.#
#.####.........@O....# # .
#.# #....##.####.@###K#...#
#.# #....##.##...(KKK.)....
##.####.......##.#####.#.#..#
........#.#.#.##.# ...
≈≈≈..#...........# ##.#
.)≈)###.#.#.#.#..# .#
[.≈..............# .
.)≈.##..#.#.#....> #


You could see Joseph, a two-headed ogre and 3 kobolds.

Vanquished Creatures
  A cyclops (D:8)
  Prince Ribbit (D:8)
  A hornet (D:7)
  A water moccasin (D:5)
  A black bear (D:7)
  2 sky beasts
  An ice beast (D:6)
  7 orc warriors
  2 ogres
  10 centaurs
  2 phantoms
  2 kobold brigands
  3 bullfrogs
  A gnoll sergeant (D:5)
  A scorpion (D:5)
  8 wights
  A bombardier beetle (D:4)
  A hound (D:6)
  A gnoll bouda (D:6)
  4 jellies
  2 sleepcaps
  4 orc priests
  3 iguanas
  3 orc wizards (D:7)
  15 gnolls
  7 adders
  A shadow imp (D:7)
  A white imp (D:5)
  4 ufetubi
  2 dart slugs
  3 ribbon worms
  32 orcs
  7 endoplasms
  3 giant cockroaches
  12 goblins
  6 hobgoblins
  5 jackals
  16 kobolds
  2 quokkas (D:1)
  6 ball pythons
  5 bats
  A frilled lizard (D:1)
  4 rats
195 creatures vanquished.

Vanquished Creatures (collateral kills)
  A water moccasin (D:5)
  An orc warrior (Bailey)
  A centaur (Bailey)
  A gnoll sergeant (D:7)
  2 gnolls (D:6)
  An orc (D:4)
  2 goblins
  2 hobgoblins
  3 jackals
  3 kobolds
  4 boulders
21 creatures vanquished.

Vanquished Creatures (others)
  A sky beast (D:7)
  A cyclops zombie (D:8)
  3 centaur zombies (Bailey)
  A ribbon worm zombie (D:3)
  An iguana zombie (D:7)
  A jelly zombie (D:7)
  A bat zombie (D:3)
  An endoplasm zombie (D:3)
  4 gnoll zombies
  A goblin zombie (D:3)
  6 kobold zombies
  14 orc zombies
  A rat zombie (D:3)
  2 spectral ufetubi
  3 boulders (D:8)
41 creatures vanquished.

Grand Total: 257 creatures vanquished

Notes
Turn   | Place    | Note
-------+----------+-------------------------------------------
     0 | D:1      | Turgor the Gargoyle Earth Elementalist began the quest for
                  | the Orb.
     0 | D:1      | Reached XP level 1. HP: 10/10 MP: 3/3
   110 | D:1      | Reached XP level 2. HP: 15/15 MP: 5/5
   533 | D:1      | Found a faded altar of an unknown god.
   533 | D:1      | Noticed a Hell Sentinel
   541 | D:1      | Prayed at the altar of an unknown god.
   541 | D:1      | Became a worshipper of Yredelemnul the Dark
   541 | D:1      | Reached * piety under Yredelemnul
   603 | D:1      | Reached XP level 3. HP: 19/19 MP: 6/6
   998 | D:2      | Learned a level 3 spell: Stone Arrow
  1399 | D:2      | Reached XP level 4. HP: 24/24 MP: 7/7
  1680 | D:2      | Identified the +12 orcbow "Baobrerr" {speed, rCorr Int-5
                  | SInv}
  1792 | D:3      | Learned a level 3 spell: Passwall
  2041 | D:3      | Reached skill level 5 in Earth Magic
  2045 | D:3      | Reached XP level 5. HP: 24/28 MP: 9/9
  2118 | D:3      | Reached ** piety under Yredelemnul
  2186 | D:3      | Found a hazy altar of Hepliaklqana.
  2529 | D:4      | Found a burning altar of Makhleb.
  2530 | D:4      | Noticed a phantom
  2532 | D:4      | Killed a phantom
  2533 | D:4      | Reached XP level 6. HP: 32/32 MP: 10/10
  2586 | D:4      | Found a bloodstained altar of Trog.
  2590 | D:4      | Found a snail-covered altar of Cheibriados.
  2954 | D:4      | Found an ancient bone altar of Kikubaaqudgha.
  2958 | D:4      | Found a blossoming altar of Fedhas.
  3089 | D:4      | Learned a level 4 spell: Brom's Barrelling Boulder
  3090 | D:5      | Entered Level 5 of the Dungeon
  3263 | D:5      | Found Enoemih's Self-Published Books.
  3285 | D:5      | Reached XP level 7. HP: 36/36 MP: 12/12
  3317 | D:5      | Reached skill level 5 in Conjurations
  3323 | D:5      | Found an ornate altar of the Wu Jian Council.
  3425 | D:5      | Found a sacrificial altar of Ru.
  3425 | D:5      | Found an opulent altar of Gozag.
  3592 | D:5      | Found a sparkling altar of Nemelex Xobeh.
  3821 | D:5      | Reached XP level 8. HP: 41/41 MP: 14/14
  4385 | D:6      | Reached *** piety under Yredelemnul
  4466 | D:6      | Found a staircase to the Ecumenical Temple.
  4541 | D:6      | Found a stormy altar of Qazlal.
  4562 | D:6      | Found a shadowy altar of Dithmenos.
  4692 | D:6      | Reached skill level 1 in Invocations
  4882 | D:7      | Reached XP level 9. HP: 45/45 MP: 16/16
  4959 | D:7      | Reached skill level 5 in Spellcasting
  4972 | D:7      | Found a radiant altar of Vehumet.
  5227 | D:7      | Noticed a hornet
  5244 | D:7      | Killed a hornet
  5348 | D:8      | Reached skill level 10 in Earth Magic
  5373 | D:8      | Noticed Prince Ribbit
  5380 | D:8      | Killed Prince Ribbit
  5659 | D:8      | Found a flagged portal.
  5664 | D:8      | Reached skill level 5 in Invocations
  5691 | Bailey   | Entered a bailey
  5714 | Bailey   | Reached XP level 10. HP: 49/50 MP: 18/18
  6416 | Bailey   | Reached skill level 10 in Conjurations
  6578 | Bailey   | Identified the +0 leather armour "Jiris" {-Tele Rampage
                  | rElec rPois}
  6817 | D:8      | Found a staircase to the Lair.
  6836 | D:8      | Noticed a cyclops
  6840 | D:8      | Noticed Joseph
  6864 | D:8      | Killed a cyclops
  6876 | D:8      | Noticed a two-headed ogre
  6881 | D:8      | Slain by a two-headed ogre

Illustrated notes

Levels and vault maps discovered:
D:1:      onia_arrival_pentagram, layout_basic,
          dreamdust_ecumenical_altar_sealed_demon, grunt_decor_arrowhead,
          minmay_misc_feat_tower
D:2:      layout_basic
D:3:      layout_basic, lemuel_coloured_pillars_altar, minmay_shallow_snake_nest
D:4:      layout_cave_pools, grunt_temple_overflow_growth_and_decay,
          lemuel_crystal_altar, nicolae_overflow_hidden_temple, serial_rivers,
          chequers_serial_rivers_micro_c, chequers_serial_rivers_marsh,
          chequers_serial_rivers_room_b, chequers_serial_rivers_room_a,
          chequers_serial_rivers_micro_a, chequers_serial_rivers_small_a
D:5:      layout_loops_cross, mainiacjoe_overflow_catwalk,
          nicolae_wu_jian_wuxing_cycle, mainiacjoe_overflow_large_starburst,
          nicolae_custom_books
D:6:      layout_loops_ring, kennysheep_mini_moat, mainiacjoe_overflow_chevrons,
          temple_green, minmay_strange_pillars,
          amcnicky_mini_rare_corridor_liquid, minmay_strange_pillars,
          hangedman_decor_riveting, minmay_misc_feat_roman
D:7:      layout_basic, fiery_altar_vehumet
D:8:      layout_loops_ring, elyvilon_altar_5, lair_entry_dummy, enter_bailey_5,
          serial_co_window_serial, co_window_paths_b, co_window_paths_b,
          co_window_corner_a, co_window_paths_b, co_window_corner_a,
          co_window_corner_a, co_window_corner_b, co_window_2corner,
          co_window_broadway_a, co_window_broadway_b, co_window_corner_ca,
          co_window_paths_e, glass_columns_b, glass_columns_b, glass_columns_b,
          uniq_grum, uniq_prince_ribbit1, uniq_joseph

Skill      XL: |  1  2  3  4  5  6  7  8  9 10 |
---------------+-------------------------------+-----
Earth Magic    | 4 5 6 7 9 10 | 10.0
Conjurations   | 2 3 4 6 7 9 10 | 10.0
Spellcasting   | 3 4 5 6 |  6.5
Invocations    | 2 5 7 |  7.5
Dodging        | |  1.5
Stealth        | |  2.1

Action                     |  1- 3 |  4- 6 |  7- 9 | 10-12 || total
---------------------------+-------+-------+-------+-------++-------
  Melee: Dagger            |     9 |       |       |       ||     9
         Rapier            |     4 |       |       |       ||     4
         Punch             |     1 |       |     1 |       ||     2
         Short sword       |    35 |     2 |    13 |       ||    50
   Fire: Orcbow            |       |    67 |   190 |   100 ||   357
   Cast: Sandblast         |    16 |    17 |     2 |       ||    35
         Brom's Barrelling |       |       |     3 |     8 ||    11
         Stone Arrow       |       |       |     2 |       ||     2
 Invoke: Recall Undead Har |     2 |     3 |     1 |     3 ||     9
         Dark Bargain      |       |     2 |       |     2 ||     4
    Use: Scroll            |       |     2 |     6 |       ||     8
         Potion            |       |     1 |       |       ||     1
   Stab: Sleeping          |     2 |       |       |       ||     2
         Distracted        |     1 |       |       |       ||     1
 Armour: Robe              |    27 |     2 |    20 |    38 ||    87
         Leather armour    |       |    19 |    20 |       ||    39
  Dodge: Dodged            |    23 |    24 |    25 |    20 ||    92

Table legend: (Time is in decaauts)
 A = Elapsed time spent in this place.
 B = Non-inter-level travel time spent in this place.
 C = Inter-level travel time spent in this place.
 D = Time resting spent in this place.
 E = Time spent auto-exploring this place.
 F = Levels seen in this place.
 G = Mean time per level.
                   A        B        C        D        E       F      G
               +--------+--------+--------+--------+--------+-----+--------+
         Total |   6899 |   6677 |    222 |     72 |   4582 |   9 |  766.6 |
       Dungeon |   5809 |   5587 |    222 |      0 |   4047 |   8 |  726.1 |
        Bailey |   1089 |   1089 |      0 |     72 |    535 |   1 | 1089.0 |
               +--------+--------+--------+--------+--------+-----+--------+

Top non-repeatable levels by time:
  Bailey: 1089 daAuts
     D:1: 922 daAuts
     D:2: 846 daAuts
     D:3: 763 daAuts
     D:6: 754 daAuts
     D:5: 715 daAuts
     D:4: 711 daAuts
     D:7: 644 daAuts
     D:8: 450 daAuts
